 Dungeon Crawl Stone Soup version 0.30.0 (webtiles) character file.

Game seed: 17877132627485563079

3787 freelancePsychic the Fighter (level 10, -1/65 HPs)
             Began as a Tengu Reaver on May 7, 2023.
             Was an Initiate of Gozag.
             Slain by a vampire mosquito (10 damage)
             ... on level 8 of the Dungeon.
             The game lasted 00:15:12 (7924 turns).

freelancePsychic the Fighter (Tengu Reaver)         Turns: 7924, Time: 00:15:13

Health: -1/65      AC:  6    Str:  9    XL:     10   Next: 16%
Magic:  20/20      EV: 16    Int: 24    God:    Gozag
Gold:   106        SH:  0    Dex: 12    Spells: 19/22 levels left

rFire   + . .        a - +1 falchion (freeze)
rCold   . . .        (no shield)
rNeg    . . .        i - +2 leather armour of the Swamp {rF+ Regen+ Str-4}
rPois   +            (helmet restricted)
rElec   .            r - scarf {repulsion}
rCorr   .            v - +0 pair of gloves {hurl}
SInv    .            (boots unavailable)
Will    .....        (no amulet)
Stlth   +++          h - ring of poison resistance
HPRegen 1.10/turn    t - +6 ring of intelligence
MPRegen 0.17/turn

%: repel missiles
@: flying quickly and evasively, quick
A: beak, talons 3, nimble flight
a: Renounce Religion, Potion Petition, Call Merchant, Bribe Branch


You were on level 8 of the Dungeon.
You worshipped Gozag.
Gozag was aware of your devotion.
You visited 2 branches of the dungeon, and saw 9 of its levels.
You also visited: Sewer.

You collected 885 gold pieces.
You spent 180 gold pieces at shops.
You paid 599 gold pieces to Gozag.

Inventory:

Hand Weapons
 a - a +1 falchion of freezing (weapon)
 m - a +0 dagger of speed
Missiles
 p - a curare-tipped dart (quivered)
Armour
 c - a +1 ring mail of cold resistance
 i - the +2 leather armour of the Swamp (worn) {rF+ Regen+ Str-4}
   (You found it on level 3 of the Dungeon)

   Str:       It affects your strength (-4).
   rF:        It protects you from fire.
   Regen:     It increases your rate of health regeneration.
 r - a scarf of repulsion (worn)
 v - a +0 pair of gloves of hurling (worn)
Jewellery
 h - a ring of poison resistance (left hand)
 t - a +6 ring of intelligence (right hand)
 H - a ring of see invisible
Wands
 x - a wand of polymorph (2)
 y - a wand of digging (7)
 B - a wand of flame (14)
 F - a wand of roots (7)
 G - a wand of mindburst (8)
Scrolls
 d - a scroll of summoning
 f - a scroll of fog
 j - 2 scrolls of enchant weapon
 k - 2 scrolls of magic mapping
 u - a scroll of vulnerability
 z - 2 scrolls of enchant armour
 D - 3 scrolls of teleportation {@r4}
 I - a scroll of fear
 J - a scroll of immolation
Potions
 e - a potion of brilliance
 g - 2 potions of curing {@q1}
 l - a potion of attraction
 n - 2 potions of haste {unknown}
 o - 2 potions of might {unknown}
 q - a potion of resistance {unknown}
 s - a potion of invisibility {unknown}
 w - a potion of flight {unknown}
 C - a potion of berserk rage {unknown}
 E - 3 potions of heal wounds {@q2}


   Skills:
 + Level 8.6 Fighting
 - Level 3.2 Long Blades
 + Level 7.1 Dodging
 - Level 6.0 Stealth
 + Level 6.6 Spellcasting
 - Level 6.3 Conjurations
 - Level 1.0 Translocations


You had 19 spell levels left.
You knew the following spells:

 Your Spells              Type           Power      Damage    Failure   Level
a - Kiss of Death         Conj/Necr      92%        2d12      2%          1
b - Momentum Strike       Conj/Tloc      50%        3d9       3%          2

Your spell library contained the following spells:

 Spells                   Type           Power      Damage    Failure   Level
 Hailstorm                Conj/Ice       23%        3d7       9%          3
 Beastly Appendage        Tmut           14%        N/A       11%         1
 Mephitic Cloud           Conj/Pois/Air  18%        N/A       13%         3
 Ensorcelled Hibernation  Hex/Ice        14%        N/A       16%         2
 Passwall                 Tmut/Erth      5%         N/A       16%         2
 Poisonous Vapours        Pois/Air       14%        N/A       16%         2
 Wereblood                Tmut           7%         N/A       16%         2
 Inner Flame              Hex/Fire       7%         N/A       32%         3
 Spider Form              Tmut/Pois      7%         N/A       32%         3
 Swiftness                Air            7%         N/A       32%         3
 Anguish                  Hex/Necr       3%         N/A       71%         4
 Cause Fear               Hex            3%         N/A       71%         4
 Freezing Cloud           Conj/Ice/Air   9%         6-21      77%         5
 Yara's Violent Unravell  Hex/Tmut       3%         3d4       96%         5
 Enfeeble                 Hex            3%         N/A       100%        7


Dungeon Overview and Level Annotations

Branches:
Dungeon (8/15)             Temple (1/1) D:4           Sewer (visited)
   Lair: D:8-11

Altars:
Ashenzari
Cheibriados
Dithmenos
Elyvilon
Fedhas
Gozag
Hepliaklqana
Kikubaaqudgha
Makhleb
Nemelex Xobeh
Qazlal
Ru
Sif Muna
Trog
Uskayaw
Wu Jian
Xom
Yredelemnul
Zin
The Shining One

Shops:
D:7 [

Annotations:
D:4 4 runed translucent doors, Crazy Yiuf; Rudyous's ghost, amateur DsFE
D:5 2 transporters, GloriousHammer's ghost, novice FoFi
Temple 2 transporters


Innate Abilities, Weirdness & Mutations

You have a beak for a mouth.
You have claws for feet.
Your magical nature lets you fly swiftly and evasively.


Message History

The vampire mosquito draws strength from your injuries!
The vampire mosquito bites you.
The vampire mosquito draws strength from your injuries!
You closely miss the vampire mosquito. You claw the vampire mosquito.
The vampire mosquito is lightly damaged.
The vampire mosquito barely misses you.
The vampire mosquito completely misses you. x2
You miss the vampire mosquito. Your kick misses the vampire mosquito.
Your peck misses the vampire mosquito.
The vampire mosquito is lightly damaged.
The vampire mosquito bites you.
The vampire mosquito draws strength from your injuries!
The vampire mosquito misses you.
You hit the vampire mosquito. You freeze the vampire mosquito.
The vampire mosquito is moderately damaged.
The vampire mosquito completely misses you.
The vampire mosquito bites you.
The vampire mosquito draws strength from your injuries!
You barely miss the vampire mosquito. Your kick misses the vampire mosquito.
The vampire mosquito is lightly damaged.
The vampire mosquito bites you.
The vampire mosquito draws strength from your injuries!
The vampire mosquito completely misses you.
The vampire mosquito misses you.
The vampire mosquito completely misses you.
You hit the vampire mosquito. You freeze the vampire mosquito.
Your kick misses the vampire mosquito. Your peck misses the vampire mosquito.
The vampire mosquito is lightly damaged.
The vampire mosquito bites you.
The vampire mosquito draws strength from your injuries!
The vampire mosquito bites you.
* * * LOW HITPOINT WARNING * * *
The vampire mosquito draws strength from your injuries!
As you read the scroll of summoning, it crumbles to dust.
Wisps of shadow whirl around you... The vampire mosquito bites you!
* * * LOW HITPOINT WARNING * * *
The vampire mosquito draws strength from your injuries!
The vampire mosquito bites you!
You die...
Your body crumbles into a pile of gold.

########
#.......######### #.
#....yy@5S..# #.
##.#.#######.# #.
#..........#.### #.
#..#.#.....)....
#.##..#.#.##.......
######.......#.# .......
.......<...##..........#
.######....##..##......?
#)#..##[.# h......


You could see 2 vampire mosquitoes, a friendly water moccasin (summoned) and a
friendly white imp (summoned).

Vanquished Creatures
  A kobold demonologist (D:7)
  A hornet (D:7)
  Prince Ribbit (D:7)
  Sigmund (D:6)
  4 yaks (D:7)
  Eustachio (D:6)
  Menkaure (D:7)
  3 water moccasins (D:7)
  An orc warrior (D:8)
  A sky beast (D:7)
  2 ice beasts (D:7)
  2 phantoms
  2 bullfrogs (D:7)
  A kobold brigand (Sewer)
  4 scorpions
  A howler monkey (D:8)
  3 hounds (D:5)
  3 orc priests (D:7)
  2 jellies (D:6)
  A quasit (D:7)
  3 sleepcaps
  2 iguanas
  3 orc wizards
  4 gnolls
  12 adders
  2 shadow imps (D:7)
  4 white imps
  5 ufetubi
  3 worms (Sewer)
  3 dart slugs
  12 orcs
  6 ball pythons
  6 bats
  4 endoplasms
  5 giant cockroaches
  9 goblins
  8 hobgoblins
  11 jackals
  11 kobolds
  4 quokkas
  A frilled lizard (D:1)
  2 rats
156 creatures vanquished.

Vanquished Creatures (others)
  4 demonic plants (D:7)
4 creatures vanquished.

Grand Total: 160 creatures vanquished

Notes
Turn   | Place    | Note
-------+----------+-------------------------------------------
     0 | D:1      | freelancePsychic the Tengu Reaver began the quest for the
                  | Orb.
     0 | D:1      | Reached XP level 1. HP: 12/12 MP: 4/4
   127 | D:1      | Reached XP level 2. HP: 15/17 MP: 6/6
   169 | D:1      | Learned a level 2 spell: Momentum Strike
   790 | D:1      | Reached XP level 3. HP: 22/22 MP: 0/7
  1572 | D:2      | Reached skill level 1 in Translocations
  1629 | D:2      | Reached skill level 5 in Conjurations
  2345 | D:2      | Reached XP level 4. HP: 20/27 MP: 8/8
  2745 | D:3      | Reached skill level 3 in Fighting
  2757 | D:3      | Found a glowing drain.
  2761 | Sewer    | Entered a sewer
  2925 | Sewer    | Gained mutation: Your magical nature lets you fly swiftly
                  | and evasively. [Tengu growth]
  2925 | Sewer    | Reached XP level 5. HP: 22/32 MP: 6/9
  3115 | Sewer    | Noticed a kobold brigand
  3144 | Sewer    | Killed a kobold brigand
  3145 | Sewer    | Reached XP level 6. HP: 28/37 MP: 9/11
  3324 | D:3      | Identified the +2 leather armour of the Swamp {rF+ Regen+
                  | Str-4}
  3455 | D:3      | Found a faded altar of an unknown god.
  3483 | D:3      | Reached skill level 4 in Fighting
  3483 | D:3      | Reached skill level 1 in Stealth
  4154 | D:4      | Found a staircase to the Ecumenical Temple.
  4166 | Temple   | Entered the Ecumenical Temple
  4166 | Temple   | Found a transporter.
  4166 | Temple   | Found a transporter.
  4168 | Temple   | Found a transporter.
  4168 | Temple   | Found a transporter.
  4188 | Temple   | Became a worshipper of Gozag Ym Sagoz the Greedy
  4341 | D:4      | Found a stormy altar of Qazlal.
  4511 | D:4      | Found a runed translucent door.
  4512 | D:4      | Noticed Crazy Yiuf
  4701 | D:4      | Found a runed translucent gate.
  4701 | D:4      | Identified the +6 hand axe of the End {flame, Fly Dex+5}
  4701 | D:4      | Identified the +0 leather armour of the Eternal Void
                  | {Int+2}
  4701 | D:4      | Noticed Rudyous's ghost (amateur DsFE)
  4702 | D:4      | Found a runed translucent gate.
  4703 | D:4      | Found a runed translucent gate.
  4968 | D:5      | Entered Level 5 of the Dungeon
  5184 | D:5      | Noticed GloriousHammer's ghost (novice FoFi)
  5185 | D:5      | Found a transporter.
  5213 | D:5      | Reached XP level 7. HP: 42/44 MP: 7/13
  5279 | D:5      | Found a transporter.
  5899 | D:6      | Reached skill level 5 in Fighting
  5917 | D:6      | Noticed Sigmund
  5927 | D:7      | Reached skill level 5 in Stealth
  5927 | D:7      | Reached XP level 8. HP: 49/49 MP: 10/14
  6100 | D:7      | Noticed Menkaure
  6111 | D:7      | Killed Menkaure
  6125 | D:7      | Reached skill level 6 in Fighting
  6611 | D:7      | Noticed a kobold demonologist
  6631 | D:7      | Killed a kobold demonologist
  6632 | D:7      | Reached skill level 7 in Fighting
  6632 | D:7      | Reached XP level 9. HP: 20/57 MP: 10/17
  6846 | D:7      | Reached skill level 5 in Spellcasting
  6866 | D:7      | Noticed Prince Ribbit
  6889 | D:7      | Killed Prince Ribbit
  6890 | D:7      | Reached skill level 5 in Dodging
  7282 | D:6      | Noticed Eustachio
  7366 | D:6      | Killed Eustachio
  7493 | D:6      | Killed Sigmund
  7559 | D:8      | Noticed a hornet
  7569 | D:7      | Killed a hornet
  7570 | D:7      | Reached skill level 8 in Fighting
  7671 | D:7      | Reached XP level 10. HP: 41/64 MP: 20/20
  7838 | D:7      | Bought a pair of glowing gloves for 180 gold pieces
  7924 | D:8      | Slain by a vampire mosquito

Illustrated notes

Levels and vault maps discovered:
D:1:      nicolae_arrival_washed_ashore, layout_basic, st_stairs_2
D:2:      minmay_diamond_boxcup, layout_basic, kennysheep_nub
D:3:      layout_basic, gup_sewer_entry_bowl,
          shapermc_ecumenical_altar_notcrosses
D:4:      layout_rooms, nicolae_qazlal_general_emergency, temple_green,
          biasface_ghost_orc_armoury, hangedman_abyss_or_decor_stagger,
          uniq_crazy_yiuf_cottage
D:5:      layout_gridville, gammafunk_ghost_mausoleum, bh_walls_and_bars
D:6:      layout_rooms, uniq_sigmund, uniq_eustachio
D:7:      layout_loops_ring, serial_demonic, serial_demonic_c, serial_demonic_b,
          serial_demonic_f, serial_demonic_d, uniq_menkaure, uniq_prince_ribbit1
D:8:      layout_loops_ring
Temple:   hellmonk_temple_divided_pantheon

Skill      XL: |  1  2  3  4  5  6  7  8  9 10 |
---------------+-------------------------------+-----
Translocations | 1 |  1.0
Conjurations   | 5 6 |  6.3
Fighting       | 3 4 5 7 8 |  8.6
Spellcasting   | 3 4 6 |  6.6
Stealth        | 2 5 6 |  6.0
Dodging        | 4 6 7 |  7.1
Long Blades    | |  3.2

Action                     |  1- 3 |  4- 6 |  7- 9 | 10-12 || total
---------------------------+-------+-------+-------+-------++-------
  Melee: Falchion          |    79 |   117 |   250 |    52 ||   498
         Peck              |    10 |    13 |    44 |     7 ||    74
         Kick              |    12 |    31 |    64 |    16 ||   123
         Punch             |       |     2 |     1 |       ||     3
  Throw: Dart              |       |       |     2 |     1 ||     3
   Cast: Kiss of Death     |     1 |       |     6 |       ||     7
         Momentum Strike   |    27 |    35 |    38 |     1 ||   101
 Invoke: Call Merchant     |       |       |       |     1 ||     1
    Use: Scroll            |     2 |     8 |     5 |     1 ||    16
         Potion            |       |       |     2 |       ||     2
   Stab: Sleeping          |       |       |     1 |       ||     1
 Armour: Leather armour    |    29 |    27 |    79 |    16 ||   151
  Dodge: Dodged            |    57 |    75 |   230 |    60 ||   422
         Repelled          |       |       |     5 |       ||     5
